 Dungeon Crawl Stone Soup version 0.23.2 (webtiles) character file.

Game seed: 6864551293590020007

12756 Borgoz the Slicer (level 12, -3/75 HPs)
             Began as a Kobold Monk on Apr 12, 2019.
             Was a Priest of Ashenzari.
             Slain by Snorg (6 damage)
             ... on level 12 of the Dungeon.
             The game lasted 00:35:05 (15484 turns).

Borgoz the Slicer (Kobold Monk)                    Turns: 15484, Time: 00:35:07

Health: -3/75      AC: 13    Str: 12    XL:     12   Next: 24%
Magic:  18/19      EV: 12    Int: 14    God:    Ashenzari [***...]
Gold:   302        SH:  0    Dex: 19    Spells: 18/21 levels left

rFire    . . .     SeeInvis +   m - +4 dagger "Undertaker" {freeze, Int+3 Stlth+}
rCold    + . .     Gourm    .   (shield restricted)
rNeg     . . .     Faith    .   D - +0 steam dragon scales
rPois    .         Spirit   .   (no helmet)
rElec    .         Reflect  .   q - +0 cloak
rCorr    .         Harm     .   z - +2 pair of gloves
MR       .....                  f - +0 pair of boots
Stlth    ++++......             K - amulet of rage
HPRegen  0.22/turn              k - ring of protection from cold
MPRegen  0.16/turn              (no ring)

@: about to teleport, petrifying, very slow
A: small, carnivore
a: Curse Item, Scrying, Renounce Religion, Evoke Berserk Rage


You were on level 12 of the Dungeon.
You worshipped Ashenzari.
Ashenzari was most pleased with you.
You were completely stuffed.

You visited 2 branches of the dungeon, and saw 13 of its levels.
You also visited: Ossuary.

You collected 837 gold pieces.
You spent 535 gold pieces at shops.

Inventory:

Hand Weapons
 m - the +4 dagger "Undertaker" (weapon) {freeze, Int+3 Stlth+}
   (You bought it in a shop on level 10 of the Dungeon)

   It has been specially enchanted to freeze those struck by it, causing extra
   injury to most foes and up to half again as much damage against particularly
   susceptible opponents.
   It can also slow down cold-blooded creatures.
   It affects your intelligence (+3).
   It makes you more stealthy.
 w - the +9 mace of Resourcefulness {crush, *Rage rPois MR+++ Dex+2}
   (You found it on level 10 of the Dungeon)

   It inflicts extra damage upon your enemies.
   It affects your dexterity (+2).
   It protects you from poison.
   It affects your resistance to hostile enchantments.
   It may make you go berserk in combat.
Missiles
 E - 4 throwing nets (quivered)
Armour
 a - the +3 chain mail of the Stag {rCorr}
   (You bought it in a shop on level 10 of the Dungeon)

   It provides partial protection from all sources of acid and corrosion.
 f - a +0 pair of boots (worn)
 l - a +0 ring mail of cold resistance
 q - a +0 cloak (worn)
 z - a +2 pair of gloves (worn)
 D - +0 steam dragon scales (worn)
Jewellery
 e - an uncursed ring of see invisible
 k - a ring of protection from cold (left hand)
 r - a +4 ring of intelligence
 B - an uncursed ring of protection from cold
 K - an amulet of rage (around neck)
Wands
 b - a wand of scattershot (6)
 i - a wand of polymorph (18)
 y - a wand of random effects (8)
 C - a wand of flame (30)
 H - a wand of acid (12)
Scrolls
 d - 9 scrolls of remove curse
 h - 6 scrolls of teleportation
 t - 6 scrolls of fog
 v - a scroll of magic mapping
 A - a scroll of enchant armour
 F - 2 scrolls of identify
 J - a scroll of enchant weapon {unknown}
 L - a scroll of random uselessness {unknown}
 M - a scroll of amnesia {unknown}
Potions
 g - 5 potions of mutation
 j - a potion of cancellation
 n - 2 potions of flight
 o - 3 potions of magic
 p - 5 potions of haste
 s - a potion of might
 u - 3 potions of agility
 x - 2 potions of brilliance
 G - a potion of curing
Comestibles
 c - 25 rations


   Skills:
 + Level 8.5 Fighting
 + Level 10.1 Short Blades
 * Level 8.5 Armour
 + Level 9.3 Dodging
 + Level 5.0 Stealth
 - Level 5.0 Spellcasting
 + Level 6.7 Hexes
 - Level 5.1 Evocations


You had 18 spell levels left.
You knew the following spells:

 Your Spells              Type           Power        Failure   Level  Hunger
a - Confusing Touch       Hex            ###...       1%          1    None
b - Blink                 Tloc           N/A          26%         2    ##.....

Your spell library contained the following spells:

 Spells                   Type           Power        Failure   Level  Hunger
 Slow                     Hex            ###.....     1%          2    ##.....
 Cause Fear               Hex            ###.......   11%         4    ####...
 Animate Skeleton         Necr           N/A          17%         1    None
 Apportation              Tloc           #.....       17%         1    None
 Magic Dart               Conj           #...         17%         1    None
 Summon Small Mammal      Summ           #...         17%         1    None
 Call Imp                 Summ           #.......     26%         2    ##.....
 Poisonous Vapours        Pois/Air       #.....       26%         2    ##.....
 Conjure Flame            Conj/Fire      #.......     45%         3    ###....
 Mephitic Cloud           Conj/Pois/Air  #.......     45%         3    ###....
 Silence                  Hex/Air        ##........   77%         5    ######.
 Yara's Violent Unravell  Hex/Tmut       ##........   77%         5    ######.
 Deflect Missiles         Chrm/Air       #.........   100%        6    #######
 Freezing Cloud           Conj/Ice/Air   #.........   100%        6    #######
 Ring of Flames           Chrm/Fire      #.........   100%        7    #######
 Discord                  Hex            ###.......   100%        8    #######


Dungeon Overview and Level Annotations

Branches:
Dungeon (12/15)            Temple (1/1) D:4            Lair (0/6) D:9
    Orc (0/2) D:10

Altars:
Ashenzari
Cheibriados
Dithmenos
Elyvilon
Fedhas
Gozag
Hepliaklqana
Kikubaaqudgha
Makhleb
Nemelex Xobeh
Okawaru
Qazlal
Ru
Sif Muna
Trog
Uskayaw
Vehumet
Wu Jian
Xom
Yredelemnul
Zin
The Shining One

Shops:
D:4 *   D:9 :   D:10 (([

Annotations:
D:12 Snorg


Innate Abilities, Weirdness & Mutations

You are small and have problems with some larger weapons.
You are carnivorous and can eat meat at any time.


Message History

You freeze the six-headed hydra.
The six-headed hydra is moderately wounded.
Snorg goes berserk!
You puncture the six-headed hydra!
The six-headed hydra seems to slow down.
You freeze the six-headed hydra.
The six-headed hydra is heavily wounded.
The basilisk gazes at you.
You are slowing down.
The six-headed hydra bites you! x2; The six-headed hydra bites you.
The six-headed hydra bites you! x2; The six-headed hydra misses you.
Okay, then.
As you read the scroll of teleportation, it crumbles to dust.
You feel strangely unstable. Snorg bites you!!
* * * LOW HITPOINT WARNING * * *
Snorg barely misses you. Snorg closely misses you.
Snorg bites you but does no damage. Snorg claws you!
* * * LOW HITPOINT WARNING * * *
Snorg claws you!
You die...

### ,,, #..## #...# #.
#...# #.# ,, #...##
#######... ,
#....#######..#.#....
#......##..........$
##........l..........
#........@D.......... ,
#.........T#.[#.#....
,,, *
#.............##..##.
,#.....................,
,
............###........
#............###........
###...........##........
##.##......##.........*
##*##.....##$........


You could see Snorg (berserk), a six-headed hydra (confused) and a basilisk.

Vanquished Creatures
  Erolcha (D:11)
  A hydra (D:12)
  Harold (D:10)
  A two-headed ogre (D:11)
  A manticore (D:11)
  A komodo dragon (D:9)
  Grinder (D:3)
  4 hippogriffs
  Sigmund (D:4)
  A spriggan (D:9)
  2 wraiths
  6 yaks (D:11)
  2 hungry ghosts
  A steam dragon (D:10)
  A basilisk (D:12)
  A water moccasin (D:10)
  3 ice beasts
  Duvessa (D:6)
  5 orc warriors
  2 black bears (D:7)
  6 sky beasts
  A phantom (D:11)
  An ogre (D:8)
  A necrophage (D:8)
  A centaur (D:11)
  3 crocodiles
  Blork the orc (D:6)
  A big kobold (D:8)
  2 gnoll sergeants
  An elf zombie (D:8)
  A wyvern zombie (D:11)
  2 bullfrogs
  2 water moccasin zombies
  Dowan (D:6)
  8 scorpions
  6 wights (D:9)
  4 killer bees (D:11)
  A troll skeleton (D:8)
  4 howler monkeys
  6 crimson imps
  2 bullfrog zombies (D:10)
  A centaur skeleton (D:9)
  5 hounds
  6 jellies
  5 human zombies (D:8)
  11 orc priests
  A bullfrog skeleton (D:11)
  12 orc wizards
  A human skeleton (D:8)
  Jessica (D:2)
  9 worker ants
  6 iguanas
  3 big kobold zombies (Ossuary)
  A hound skeleton (D:6)
  3 mummies
  2 worker ant zombies
  12 gnolls
  A howler monkey skeleton (D:4)
  8 adders
  3 shadow imps
  An ooze (D:1)
  3 adder skeletons
  4 adder zombies
  3 worms
  4 dart slugs
  4 leopard geckos
  40 orcs
  A ball python (D:5)
  5 bats
  6 giant cockroaches
  5 gnoll zombies (Ossuary)
  8 goblins
  5 hobgoblins
  14 jackals
  12 kobolds
  5 quokkas
  4 frilled lizards
  4 hobgoblin zombies (Ossuary)
  A jackal zombie (D:7)
  2 kobold zombies (Ossuary)
  A leopard gecko skeleton (D:7)
  8 orc zombies
  2 quokka zombies (D:6)
  21 rats
346 creatures vanquished.

Vanquished Creatures (collateral kills)
  A centaur zombie (D:10)
1 creature vanquished.

Vanquished Creatures (others)
  An orc wizard (D:8)
  A plant (D:9)
2 creatures vanquished.

Grand Total: 349 creatures vanquished

Notes
Turn   | Place    | Note
-------+----------+-------------------------------------------
     0 | D:1      | Borgoz the Kobold Monk began the quest for the Orb.
     0 | D:1      | Reached XP level 1. HP: 14/14 MP: 1/1
   183 | D:1      | Reached XP level 2. HP: 13/19 MP: 2/2
   515 | D:1      | Reached skill level 1 in Armour
   515 | D:1      | Reached XP level 3. HP: 18/23 MP: 3/3
  1438 | D:2      | Reached XP level 4. HP: 28/28 MP: 4/4
  1895 | D:2      | Noticed Jessica
  1904 | D:2      | Killed Jessica
  1904 | D:2      | Reached XP level 5. HP: 29/33 MP: 5/5
  2256 | D:3      | Noticed an ice beast
  2290 | D:3      | Killed an ice beast
  2290 | D:3      | Reached skill level 5 in Short Blades
  2290 | D:3      | Reached XP level 6. HP: 38/38 MP: 6/6
  2456 | D:3      | Learned a level 1 spell: Confusing Touch
  2694 | D:3      | Noticed Grinder
  2707 | D:3      | Paralysed by Grinder for 2 turns
  2719 | D:3      | Killed Grinder
  2719 | D:3      | Reached skill level 5 in Stealth
  2719 | D:3      | Reached skill level 1 in Spellcasting
  2719 | D:3      | Reached skill level 1 in Hexes
  2719 | D:3      | Reached XP level 7. HP: 9/44 MP: 5/8
  3336 | D:4      | Found a shimmering altar of Xom.
  3337 | D:4      | Found a hazy altar of Hepliaklqana.
  3338 | D:4      | Noticed a spectral ugly thing
  3359 | D:4      | Reached skill level 5 in Dodging
  3410 | D:4      | Noticed Sigmund
  3433 | D:4      | Killed Sigmund
  3433 | D:4      | Reached XP level 8. HP: 19/48 MP: 8/10
  3888 | D:4      | Found a staircase to the Ecumenical Temple.
  3897 | Temple   | Entered the Ecumenical Temple
  4678 | D:4      | Found Jyre Ido's General Store.
  4760 | D:5      | Entered Level 5 of the Dungeon
  4929 | D:5      | Reached skill level 6 in Short Blades
  4999 | D:5      | Found a shattered altar of Ashenzari.
  5155 | D:5      | Became a worshipper of Ashenzari the Shackled
  5155 | D:5      | Reached * piety under Ashenzari
  5155 | D:5      | Reached ** piety under Ashenzari
  5217 | D:5      | Reached skill level 5 in Fighting
  5547 | D:6      | Found a sand-covered staircase.
  5642 | Ossuary  | Entered an ossuary
  6043 | D:6      | Reached XP level 9. HP: 54/54 MP: 13/13
  6154 | D:6      | Noticed Blork the orc
  6167 | D:6      | Killed Blork the orc
  6217 | D:6      | Noticed Duvessa
  6220 | D:6      | Noticed Dowan
  6477 | D:6      | Killed Duvessa
  6477 | D:6      | Reached skill level 5 in Armour
  6489 | D:6      | Killed Dowan
  6983 | D:7      | Noticed a hippogriff
  6999 | D:7      | Killed a hippogriff
  7056 | D:7      | Reached skill level 7 in Short Blades
  7422 | D:7      | Found a hide-covered altar of Uskayaw.
  7827 | D:8      | Reached XP level 10. HP: 52/60 MP: 16/16
  8511 | D:8      | Found an opulent altar of Gozag.
  9020 | D:8      | Reached skill level 8 in Short Blades
  9126 | D:8      | Found an ancient bone altar of Kikubaaqudgha.
  9818 | D:8      | Found a shattered altar of Ashenzari.
 10092 | D:9      | HP: 1/61 [orc warrior/+0 glaive (21)]
 10839 | D:9      | Reached skill level 5 in Spellcasting
 10855 | D:9      | Reached skill level 1 in Evocations
 11038 | D:9      | Found Cegumoyg's Book Shop.
 11070 | D:9      | Reached skill level 5 in Hexes
 11658 | D:10     | Entered Level 10 of the Dungeon
 12046 | D:9      | Reached XP level 11. HP: 32/67 MP: 16/18
 12050 | D:9      | Reached *** piety under Ashenzari
 12375 | D:9      | Found a staircase to the Lair.
 12905 | D:10     | Found Idikhlass's Antique Weapon Shop.
 13088 | D:10     | Reached skill level 9 in Short Blades
 13263 | D:10     | Bought a transparent dagger for 182 gold pieces
 13263 | D:10     | Identified the +4 dagger "Undertaker" {freeze, Int+3
                  | Stlth+} (You bought it in a shop on level 10 of the
                  | Dungeon)
 13279 | D:10     | Noticed Harold
 13301 | D:10     | Killed Harold
 13410 | D:10     | Learned a level 2 spell: Blink
 13914 | D:10     | Found Jepecwea's Armour Emporium.
 13914 | D:10     | Found a staircase to the Orcish Mines.
 13917 | D:10     | Found Ycuecha's Weapon Emporium.
 13922 | D:10     | Bought the +3 chain mail of the Stag {rCorr} for 353 gold
                  | pieces
 13951 | D:10     | Got the mace of Resourcefulness {crush, *Rage rPois MR+++
                  | Dex+2}
 14715 | D:11     | Noticed a manticore
 14722 | D:11     | Killed a manticore
 14847 | D:11     | Noticed a two-headed ogre
 14855 | D:11     | Killed a two-headed ogre
 14933 | D:11     | Noticed Erolcha
 14945 | D:11     | Killed Erolcha
 14945 | D:11     | Reached XP level 12. HP: 69/75 MP: 17/19
 15107 | D:11     | Reached skill level 10 in Short Blades
 15249 | D:12     | Noticed an unseen horror
 15268 | D:12     | Noticed a seven-headed hydra
 15278 | D:12     | Killed a seven-headed hydra
 15278 | D:12     | Reached skill level 5 in Evocations
 15297 | D:12     | Noticed Snorg
 15466 | D:12     | Noticed a six-headed hydra
 15484 | D:12     | HP: 3/75 [Snorg (11)]
 15484 | D:12     | Slain by Snorg

Skill      XL: |  1  2  3  4  5  6  7  8  9 10 11 12 |
---------------+-------------------------------------+-----
Stealth        | 3 4 5 |  5.0
Armour         | 1 2 3 4 5 7 8 |  8.5
Dodging        | 4 5 6 7 9 |  9.3
Fighting       | 4 5 6 7 8 |  8.5
Short Blades   | 5 6 7 8 9 10 | 10.1
Spellcasting   | 1 3 4 5 |  5.0
Hexes          | 1 2 4 5 6 |  6.7
Evocations     | 2 4 5 |  5.1

Action                   |  1- 3 |  4- 6 |  7- 9 | 10-12 || total
-------------------------+-------+-------+-------+-------++-------
Melee: Short sword       |   119 |   148 |   741 |   871 ||  1879
       Dagger            |       |       |       |   266 ||   266
 Cast: Confusing Touch   |       |     1 |    28 |   106 ||   135
  Use: Scroll            |     4 |     1 |    11 |     9 ||    25
       Potion            |       |     2 |     6 |     3 ||    11
 Stab: Sleeping          |     3 |     5 |    24 |    21 ||    53
       Distracted        |     1 |       |       |       ||     1
       Confused          |       |     2 |    23 |    96 ||   121
       Invisible         |       |       |    15 |     5 ||    20
  Eat: Chunk             |     9 |     5 |    18 |    39 ||    71
Armor: Robe              |    11 |    20 |     7 |       ||    38
       Skin              |       |    21 |       |       ||    21
       Ring mail         |       |       |   116 |   170 ||   286
       Leather armour    |       |       |     5 |       ||     5
       Steam dragon scal |       |       |       |    83 ||    83
Dodge: Dodged            |    76 |    80 |   439 |   682 ||  1277
